[Event "Titled Tuesday Blitz February 28 Late 2023"]
[White "Prieto Aranguren, Alain"]
[Black "Hoffmann, Asa"]
[WhiteFideId "2268906"]
[BlackFideId "2001470"]
[WhiteElo "2209"]
[BlackElo "2117"]
[Result "1-0"]
[Round "11"]
[TimeControl "180+2"]
[Date "2023.02.28"]
[WhiteClock "0:00:08"]
[BlackClock "0:00:32"]

1. d4 Nf6 2. Bg5 e6 3. Nc3 d6 4. Qd3 c6 5. e4 Be7 6. O-O-O Qa5 7. Nf3 Nbd7 8. Be2 b5 9. Rhe1 b4 10. Nb1 Qxa2 11. e5 dxe5 12. dxe5 Nd5 13. Bxe7 Nxe7 14. Qd6 Nf5 15. Qxc6 Rb8 16. g4 Ne7 17. Qd6 Rb6 18. Qd3 O-O 19. Ng5 Ng6 20. h4 Ndxe5 21. Qe4 Bb7 22. Qd4 Qd5 23. h5 Qxd4 24. Rxd4 Ne7 25. f4 N5c6 26. Rd7 h6 27. Ne4 Nd5 28. Nd6 Bc8 29. Nxc8 Rxc8 30. f5 Nd4 31. Bd3 b3 32. c3 Nf3 33. Rf1 Ne5 34. fxe6 Nxd7 35. exd7 Rd8 36. Bf5 Ne7 37. Re1 Nxf5 38. Re8+ Kh7 39. Rxd8 Rd6 40. gxf5 g6 41. f6 gxh5 42. Nd2 Kg6 43. Ne4 Rd5 44. Rg8+ Kf5 45. d8=Q Rxd8 46. Rxd8 Kxe4 47. Rh8 1-0


[Site "https://www.chess.com"]

[Event "Titled Tuesday Blitz February 28 Late 2023"]
[White "Leonte, Sebastian-Marian"]
[Black "Guzman Moneo, Alberto"]
[WhiteFideId "1268767"]
[BlackFideId "2209616"]
[WhiteElo "2275"]
[BlackElo "2157"]
[Result "0-1"]
[Round "11"]
[TimeControl "180+2"]
[Date "2023.02.28"]
[WhiteClock "0:00:03"]
[BlackClock "0:01:05"]

1. e4 c5 2. Nf3 Nc6 3. d4 cxd4 4. Nxd4 g6 5. Nc3 Bg7 6. Be3 Nf6 7. Bc4 O-O 8. Bb3 d6 9. f3 Qa5 10. Qd2 Nxd4 11. Bxd4 Be6 12. O-O-O b5 13. Kb1 b4 14. Nd5 Bxd5 15. exd5 Qb5 16. Qd3 Qxd3 17. Rxd3 a5 18. Bc4 Rfc8 19. b3 Nd7 20. Re1 Bxd4 21. Rxd4 Ne5 22. Bb5 g5 23. h4 h6 24. hxg5 hxg5 25. f4 gxf4 26. Rxf4 Rc3 27. Rh1 Rac8 28. Bd3 R8c5 29. Be4 Rg3 30. Rfh4 Rg4 31. Rxg4+ Nxg4 32. Rh3 Nf6 33. Bf3 Nxd5 34. Bxd5 Rxd5 35. Kb2 Rg5 36. g3 e5 37. a3 f5 38. axb4 axb4 39. c3 bxc3+ 40. Kxc3 Kf7 41. b4 Ke6 42. b5 Kd5 43. Kb4 e4 44. Ka5 e3 45. Ka6 e2 46. Rh1 Rxg3 47. Re1 Ra3+ 48. Kb7 Ra2 49. b6 f4 50. Kc7 f3 51. b7 Rc2+ 52. Kd7 Rb2 53. Kc7 Ke4 54. b8=Q Rxb8 55. Kxb8 d5 0-1


[Site "https://www.chess.com"]

[Event "Titled Tuesday Blitz February 28 Late 2023"]
[White "Clawitter, Craig"]
[Black "Rangel, Daniel"]
[WhiteFideId "2023105"]
[BlackFideId "2124475"]
[WhiteElo "2272"]
[BlackElo "2256"]
[Result "0-1"]
[Round "11"]
[TimeControl "180+2"]
[Date "2023.02.28"]
[WhiteClock "0:00:10"]
[BlackClock "0:00:38"]

1. e4 c5 2. Nf3 g6 3. d4 cxd4 4. Nxd4 Bg7 5. Nc3 Nc6 6. Be3 Nf6 7. Bc4 O-O 8. Bb3 Re8 9. O-O d6 10. h3 Bd7 11. Re1 Nxd4 12. Bxd4 Bc6 13. Nd5 e6 14. Nxf6+ Bxf6 15. c3 e5 16. Be3 Bxe4 17. Bxa7 Bxg2 18. Kxg2 Rxa7 19. Qf3 b6 20. Rad1 Qe7 21. Rd5 Kg7 22. Red1 Rd8 23. Qd3 Bh4 24. Rxd6 Qg5+ 25. Kf1 Qf4 26. Rxd8 Qxf2# 0-1


[Site "https://www.chess.com"]

[Event "Titled Tuesday Blitz February 28 Late 2023"]
[White "De Souza, Cristiano Gomes"]
[Black "Kostiukov, Alexandr"]
[WhiteFideId "2151758"]
[BlackFideId "14108100"]
[WhiteElo "2068"]
[BlackElo "2202"]
[Result "0-1"]
[Round "11"]
[TimeControl "180+2"]
[Date "2023.02.28"]
[WhiteClock "0:00:21"]
[BlackClock "0:00:16"]

1. d4 g6 2. c4 Bg7 3. Nf3 d6 4. Nc3 e5 5. dxe5 dxe5 6. Qxd8+ Kxd8 7. Bg5+ f6 8. Bd2 Be6 9. e4 Nd7 10. b3 c6 11. O-O-O Bh6 12. h3 Ke7 13. Be2 Bxd2+ 14. Rxd2 Nh6 15. Rhd1 Rhd8 16. Kb2 Nf7 17. Ne1 Nc5 18. Rxd8 Nxd8 19. Nd3 Nxd3+ 20. Rxd3 Nf7 21. h4 h6 22. f3 g5 23. hxg5 hxg5 24. Bd1 Rh8 25. Rd2 Rh1 26. a4 Nh8 27. Ne2 Ng6 28. Ng3 Rg1 29. Nh5 Nh4 30. g3 Ng2 31. g4 Ne1 32. Ng7 Rf1 33. Nf5+ Bxf5 34. exf5 Nxf3 35. Bxf3 Rxf3 36. Rh2 e4 37. Rh7+ Kd6 38. Rxb7 e3 39. Kc3 Ke5 40. Kd3 Kf4 41. Re7 Kxg4 42. Rxe3 Rxe3+ 43. Kxe3 Kxf5 44. b4 Ke6 45. c5 Kd5 46. Kf3 Kc4 47. b5 Kxc5 48. bxc6 Kxc6 49. Ke4 Kc5 50. Kf5 Kb4 51. Kxf6 g4 52. Ke5 g3 53. Kd6 g2 54. Kc7 g1=Q 55. Kb7 Kxa4 56. Ka8 Kb5 57. Kb7 a5 0-1


[Site "https://www.chess.com"]

[Event "Titled Tuesday Blitz February 28 Late 2023"]
[White "Floresvillar Gonzalez, Luis Migu"]
[Black "Romero Ruscalleda, Josep"]
[WhiteFideId "5100542"]
[BlackFideId "2231859"]
[WhiteElo "2040"]
[BlackElo "2183"]
[Result "0-1"]
[Round "11"]
[TimeControl "180+2"]
[Date "2023.02.28"]
[WhiteClock "0:00:13"]
[BlackClock "0:00:23"]

1. d4 g6 2. c3 Bg7 3. Nd2 d6 4. e4 e5 5. dxe5 dxe5 6. Bc4 Ne7 7. b4 O-O 8. Ngf3 c6 9. O-O a5 10. a3 Nd7 11. Bb2 Nb6 12. Bb3 axb4 13. cxb4 Qd3 14. Qc2 Qxc2 15. Bxc2 Be6 16. Bxe5 f6 17. Bd6 Rfe8 18. Bb3 Nec8 19. Bxe6+ Rxe6 20. Bc5 Na4 21. Bd4 Ncb6 22. Rfe1 Rae8 23. Rac1 h5 24. h3 g5 25. g4 Kf7 26. gxh5 Rh8 27. h4 g4 28. Nh2 Rxh5 29. Nxg4 Rxh4 30. f3 f5 31. Bxg7 fxg4 32. Bd4 gxf3 33. Nxf3 Rg6+ 34. Kf2 Rhg4 35. Rg1 Ke6 36. Rxg4 Rxg4 37. Bxb6 Nxb6 38. Nd4+ Ke5 39. Kf3 Rf4+ 40. Ke3 Rxe4+ 41. Kf3 Rxd4 42. Re1+ Kd6 43. Re8 Rd3+ 44. Ke4 Rxa3 45. Rb8 Kc7 46. Rh8 Rb3 47. Rh3 Rxh3 48. Kd4 Rh4+ 49. Kc5 Rc4# 0-1


[Site "https://www.chess.com"]

[Event "Titled Tuesday Blitz February 28 Late 2023"]
[White "Jenkins, Drake"]
[Black "olga-belka"]
[WhiteFideId "2022397"]
[WhiteElo "2306"]
[BlackElo "2220"]
[Result "0-1"]
[Round "11"]
[TimeControl "180+2"]
[Date "2023.02.28"]
[WhiteClock "0:00:03"]
[BlackClock "0:00:05"]

1. Nf3 Nf6 2. c4 g6 3. g3 Bg7 4. Bg2 O-O 5. Nc3 c6 6. O-O d5 7. Nxd5 cxd5 8. cxd5 Nxd5 9. d4 Nc6 10. e4 Nb6 11. d5 Ne5 12. Nd4 Nbc4 13. b3 Nd6 14. Bb2 Qb6 15. h3 Nb5 16. Nxb5 Qxb5 17. Qd2 Bd7 18. Kh2 Rac8 19. f4 Nd3 20. Bxg7 Kxg7 21. Rad1 Nb4 22. a3 Na6 23. b4 Qc4 24. Rc1 Qb3 25. Qd4+ Kg8 26. Qxa7 Qxa3 27. Rb1 Bb5 28. Rf2 Qd3 29. Re1 Qc3 30. Rd1 Rc7 31. d6 exd6 32. Rxd6 Nxb4 33. e5 Nd3 34. Rf3 Qb4 35. Qb6 Rc6 36. Qxb7 Rxd6 37. exd6 Ne1 38. Rf2 Nxg2 39. Rxg2 Qc5 40. f5 gxf5 41. Qc7 Qxc7 42. dxc7 Rc8 43. Rc2 Kf8 44. g4 fxg4 45. hxg4 Ke7 46. Kg3 Kd7 47. Rf2 Rxc7 48. Rxf7+ Kd6 49. Rxc7 Kxc7 50. Kf4 Kd6 51. Kg5 Bd3 52. Kf6 Kd7 53. g5 Bg6 54. Kg7 Ke6 55. Kh6 Kf5 56. Kg7 Kxg5 0-1


[Site "https://www.chess.com"]

[Event "Titled Tuesday Blitz February 28 Late 2023"]
[White "Smith, Garrett L"]
[Black "Dorato, Adriano"]
[WhiteFideId "2024829"]
[BlackFideId "2802894"]
[WhiteElo "2302"]
[BlackElo "1709"]
[Result "1-0"]
[Round "11"]
[TimeControl "180+2"]
[Date "2023.02.28"]
[WhiteClock "0:00:43"]
[BlackClock "0:00:05"]

1. e4 c5 2. a3 g6 3. b4 Bg7 4. Nc3 b6 5. bxc5 bxc5 6. Rb1 Nc6 7. Nf3 d6 8. Bb5 Bd7 9. O-O Nf6 10. d3 O-O 11. h3 a6 12. Bc4 Na5 13. Ba2 Bc6 14. Re1 Rb8 15. Rxb8 Qxb8 16. Nd5 Qb7 17. Bd2 Bxd5 18. exd5 Qc7 19. Re2 Nb7 20. Qe1 Re8 21. Bg5 h6 22. Bh4 g5 23. Bg3 Nh7 24. Bb3 Bf6 25. Qb1 Rb8 26. Qa2 Na5 27. Bc4 Nxc4 28. Qxc4 Qa5 29. d4 Qxa3 30. dxc5 Rc8 31. c6 Nf8 32. Kh2 Ng6 33. Qg4 Qc5 34. Qxc8+ Kg7 35. Qf5 e6 36. Qd3 exd5 37. Rd2 Qxc6 38. Qxd5 Qc3 39. Qxd6 a5 40. Qd3 Qb4 41. Nd4 a4 42. Nf5+ Kh7 43. Bd6 a3 44. Bxb4 1-0


[Site "https://www.chess.com"]

[Event "Titled Tuesday Blitz February 28 Late 2023"]
[White "Gubajdullin, Alexei"]
[Black "Dahlgren, James Allen"]
[WhiteFideId "4141202"]
[BlackFideId "22256873"]
[WhiteElo "2285"]
[BlackElo "2209"]
[Result "1-0"]
[Round "11"]
[TimeControl "180+2"]
[Date "2023.02.28"]
[WhiteClock "0:01:41"]
[BlackClock "0:00:07"]

1. e4 e6 2. d4 c5 3. d5 exd5 4. exd5 d6 5. Nc3 f5 6. Nf3 Nf6 7. Ng5 h6 8. Bb5+ Bd7 9. Ne6 Qc8 10. O-O Kf7 11. Bxd7 Nbxd7 12. Bf4 g5 13. Bc1 Ne5 14. f4 gxf4 15. Bxf4 Ng6 16. Qd3 Nxd5 17. Qxf5+ Nf6 18. Be5 Qxe6 19. Qxf6+ Qxf6 20. Rxf6+ Ke7 21. Nd5+ Kd7 22. Rxg6 dxe5 23. Rd1 Rd8 24. Nf4+ Kc8 25. Rxd8+ Kxd8 26. Ne6+ Ke7 27. Nxf8 Rxf8 28. Rxh6 e4 29. Rh4 Kd6 30. Rxe4 Kd5 31. Re2 Kd4 32. g4 c4 33. Kg2 b5 34. g5 Rf5 35. h4 Rf4 36. Kg3 Rf1 37. h5 b4 38. g6 a5 39. g7 Rg1+ 40. Rg2 Rxg2+ 41. Kxg2 b3 42. cxb3 cxb3 43. axb3 Kd3 44. g8=Q 1-0


[Site "https://www.chess.com"]

[Event "Titled Tuesday Blitz February 28 Late 2023"]
[White "Simonovic, Miroslav"]
[Black "Carrasco Miranda, Andres"]
[WhiteFideId "919152"]
[BlackFideId "3405990"]
[WhiteElo "2057"]
[BlackElo "2183"]
[Result "0-1"]
[Round "11"]
[TimeControl "180+2"]
[Date "2023.02.28"]
[WhiteClock "0:00:01"]
[BlackClock "0:00:31"]

1. d4 Nf6 2. Bg5 Ne4 3. Bf4 c5 4. f3 Nf6 5. dxc5 b6 6. cxb6 Qxb6 7. Bc1 d5 8. c3 e5 9. Qb3 Qc7 10. Bg5 Bb7 11. Nd2 Nbd7 12. e3 h6 13. Bh4 Bc5 14. Bf2 O-O 15. Nh3 Rfb8 16. Qc2 a5 17. Bd3 e4 18. fxe4 dxe4 19. Nxe4 Nxe4 20. Bxe4 Bxe4 21. Qxe4 Re8 22. Qf4 Qb6 23. O-O Qxb2 24. Rad1 Nf6 25. e4 Rxe4 26. Qf3 Qb6 27. Kh1 Bxf2 28. Qxf2 Qxf2 29. Rxf2 Rc8 30. Rc2 Ng4 31. Nf2 Rxc3 32. Nxe4 Rxc2 33. h3 Ne3 34. Rd8+ Kh7 35. Nd6 Kg6 36. Rf8 h5 37. Rxf7 h4 0-1


[Site "https://www.chess.com"]

[Event "Titled Tuesday Blitz February 28 Late 2023"]
[White "Kovacs, Klara"]
[Black "Wang, Alexander J"]
[WhiteFideId "733210"]
[BlackFideId "30955270"]
[WhiteElo "2179"]
[BlackElo "2225"]
[Result "1-0"]
[Round "11"]
[TimeControl "180+2"]
[Date "2023.02.28"]
[WhiteClock "0:00:35"]
[BlackClock "0:00:10"]

1. d4 d5 2. Nc3 e6 3. e4 c5 4. exd5 exd5 5. Nf3 Nf6 6. Bb5+ Nc6 7. O-O Be7 8. Bg5 O-O 9. dxc5 Bg4 10. h3 Bh5 11. Bxf6 Bxf6 12. Nxd5 Ne5 13. g4 Bg6 14. Nxf6+ Qxf6 15. Nxe5 Qxe5 16. Bd3 Qxc5 17. Bxg6 fxg6 18. c3 Rf7 19. Qb3 Rf8 20. Rae1 Kh8 21. Re2 h5 22. Qb4 Qg5 23. Kg2 Rf4 24. Qxb7 hxg4 25. Rh1 gxh3+ 26. Kf1 Qg4 27. Rh2 Rd8 28. Qb3 Qf3 29. c4 Qxb3 30. axb3 Rd1+ 31. Re1 Rd2 32. Rxh3+ Kg8 33. Re2 Rd1+ 34. Kg2 Rg4+ 35. Rg3 Rxg3+ 36. Kxg3 Rd3+ 37. Re3 Rd2 38. c5 Rxb2 39. Rc3 Rd2 40. b4 Kf7 41. f4 Ke6 42. c6 Rd8 43. b5 Rc8 44. Kf3 Kd6 45. Ke4 Rc7 46. Rd3+ Ke7 47. Rg3 Kf6 48. Kd5 Rc8 49. Kd6 Rd8+ 50. Kc7 Rd5 51. Rb3 Rd4 52. Kb8 Rxf4 53. c7 Rc4 54. c8=Q Rxc8+ 55. Kxc8 g5 56. Kb7 g4 57. Kxa7 Kf5 58. b6 Kf4 59. b7 g3 60. Rxg3 Kxg3 61. b8=Q+ Kg4 62. Qg8 g5 63. Kb6 Kf4 64. Kc5 g4 65. Kd4 Kf3 66. Qd5+ Kg3 67. Ke3 Kh2 68. Qh5+ Kg3 69. Qg5 Kh3 70. Kf4 Kg2 71. Qxg4+ Kf2 72. Qf3+ Ke1 73. Qg2 Kd1 74. Ke3 Kc1 75. Kd3 Kb1 76. Kc3 Kc1 77. Qc2# 1-0


[Site "https://www.chess.com"]

[Event "Titled Tuesday Blitz February 28 Late 2023"]
[White "Fernandez Garcia, Gumersindo"]
[Black "Mendez Machado, Andre"]
[WhiteFideId "24516740"]
[BlackFideId "6603793"]
[WhiteElo "2093"]
[BlackElo "1989"]
[Result "1-0"]
[Round "11"]
[TimeControl "180+2"]
[Date "2023.02.28"]
[WhiteClock "0:00:43"]
[BlackClock "0:00:01"]

1. e4 e5 2. Nf3 Nc6 3. d4 exd4 4. Bc4 Nf6 5. O-O Nxe4 6. Re1 d5 7. Bxd5 Qxd5 8. Nc3 Qh5 9. Nxe4 Be6 10. Neg5 O-O-O 11. Nxe6 fxe6 12. Rxe6 Bd6 13. Bd2 Rdf8 14. h3 Rf7 15. Qf1 Rhf8 16. Rae1 Rxf3 17. gxf3 Rxf3 18. Qg2 Rxh3 19. Re8+ Nd8 20. Bg5 c6 21. Rxd8+ Kc7 22. Rde8 Rh2 23. R8e7+ Kb6 24. Qe4 Qxg5+ 25. Kf1 Qf6 26. Re2 Bxe7 27. Qxe7 Rh1+ 28. Kg2 Qh6 29. Kf3 1-0


[Site "https://www.chess.com"]

[Event "Titled Tuesday Blitz February 28 Late 2023"]
[White "mohsengabr2002"]
[Black "Huang, Alex"]
[BlackFideId "4302508"]
[WhiteElo "2318"]
[BlackElo "2029"]
[Result "1-0"]
[Round "11"]
[TimeControl "180+2"]
[Date "2023.02.28"]
[WhiteClock "0:00:14"]
[BlackClock "0:00:03"]

1. g3 g6 2. f3 Bg7 3. e3 Nf6 4. d3 O-O 5. c3 c5 6. Nh3 d6 7. Nf2 Nc6 8. Bg2 Rb8 9. O-O b5 10. e4 Bd7 11. f4 a5 12. g4 b4 13. f5 Qc7 14. Bf4 Ne8 15. a4 bxa3 16. bxa3 Rb2 17. Qc1 Qb6 18. Nd1 Rb5 19. a4 Rb4 20. cxb4 Bxa1 21. b5 Bd4+ 22. Kh1 Ne5 23. Qc2 Nxg4 24. Nbc3 Nef6 25. h3 Ne5 26. Nb2 Rc8 27. Bg5 Kg7 28. Bxf6+ exf6 29. Nd5 Qd8 30. fxg6 hxg6 31. Nxf6 Nxd3 32. Nh5+ gxh5 33. Nxd3 Qe7 34. Qe2 Rh8 35. Nf4 Qg5 36. Nd5 Kf8 37. Qf3 Qg7 38. Nf4 Bg4 39. Qd3 Bd7 40. b6 Be5 41. b7 Ke7 42. Nd5+ Ke6 43. Qc4 Qg3 44. Ne3+ Ke7 45. Qxf7+ Kd8 46. b8=Q+ Bc8 47. Qbc7# 1-0


[Site "https://www.chess.com"]

[Event "Titled Tuesday Blitz February 28 Late 2023"]
[White "Lopez Perdomo, Juan David"]
[Black "Gatterer, Florian"]
[WhiteFideId "4405137"]
[BlackFideId "811688"]
[WhiteElo "1965"]
[BlackElo "2221"]
[Result "1-0"]
[Round "11"]
[TimeControl "180+2"]
[Date "2023.02.28"]
[WhiteClock "0:00:10"]
[BlackClock "0:00:01"]

1. e4 e5 2. d4 exd4 3. Nf3 Nc6 4. Bc4 Bb4+ 5. c3 dxc3 6. bxc3 Ba5 7. Bg5 Nge7 8. h4 O-O 9. h5 h6 10. Bh4 d6 11. O-O Be6 12. Bxe6 fxe6 13. Qb3 Qd7 14. Nbd2 Bb6 15. Rad1 Kh8 16. Nc4 Rae8 17. Nce5 Qc8 18. Ng4 e5 19. Ne3 Ng8 20. Nf5 Nce7 21. Bxe7 Nxe7 22. N3h4 Nxf5 23. Ng6+ Kh7 24. Nxf8+ Rxf8 25. exf5 Qxf5 26. Qd5 Qxh5 27. Rd3 Rf4 28. Rh3 Qf5 29. Qxb7 Bxf2+ 30. Kh1 Bb6 31. Rxf4 Qxf4 32. Qf3 Qc1+ 33. Kh2 Qg1+ 34. Kg3 Qe1+ 35. Kg4 Qd2 36. Qf5+ Kh8 37. Qf8+ Kh7 38. Rg3 Qg5+ 39. Kf3 Qh5+ 40. Rg4 Qf5+ 41. Qxf5+ Kh8 42. Qf8+ 1-0


[Site "https://www.chess.com"]

[Event "Titled Tuesday Blitz February 28 Late 2023"]
[White "Sailer, Mike"]
[Black "Zampronha, Wladimir Camilo"]
[WhiteFideId "2012901"]
[BlackFideId "2103087"]
[WhiteElo "2109"]
[BlackElo "2176"]
[Result "1-0"]
[Round "11"]
[TimeControl "180+2"]
[Date "2023.02.28"]
[WhiteClock "0:00:04"]
[BlackClock "0:00:01"]

1. d4 Nf6 2. Bg5 Ne4 3. Bf4 c5 4. d5 e6 5. f3 Nf6 6. e4 exd5 7. exd5 d6 8. Bb5+ Bd7 9. a4 Be7 10. Ne2 O-O 11. O-O a6 12. Bd3 Qc7 13. Nbc3 c4 14. Be4 Nxe4 15. Nxe4 Bf5 16. N4g3 Bg6 17. Nd4 Re8 18. Kh1 Nd7 19. Re1 Bf6 20. Qd2 Qc5 21. Ndf5 Ne5 22. Ne4 Bxf5 23. Nxc5 dxc5 24. Bxe5 Bxe5 25. f4 Bxb2 26. Rxe8+ Rxe8 27. Re1 Rd8 28. c3 Ba3 29. Ra1 Be4 30. Rxa3 Rxd5 31. Qe2 f5 32. h3 Rd3 33. Qf2 Rxh3+ 34. Kg1 Rd3 35. Qxc5 Rd1+ 36. Kf2 Rd2+ 37. Ke1 Rxg2 38. Qxc4+ Kf8 39. Rb3 h5 40. Rb6 h4 41. Qc8+ Kf7 42. Rxb7+ Kg6 43. Qe6+ Kh7 44. Qf7 Bxb7 45. Qxb7 h3 46. Kf1 Rg4 47. Qf7 Kh6 48. Qe6+ g6 49. Qe5 Kh7 50. Qe7+ Kh6 51. Qf8+ Kh7 52. Qf7+ Kh6 53. Qg8 Rxf4+ 54. Kg1 Rf3 55. Kh2 g5 56. Qh8+ Kg6 57. Qg8+ Kh5 58. c4 Kg4 59. Qd5 Rf2+ 60. Kh1 Kg3 61. Qd3+ Rf3 62. Qe2 g4 63. Qh2+ Kh4 64. Kg1 g3 65. Qe2 h2+ 66. Kh1 Kh3 67. Qxf3 1-0


[Site "https://www.chess.com"]

[Event "Titled Tuesday Blitz February 28 Late 2023"]
[White "Comas Fabrego, Lluis"]
[Black "Kaufman, Raymond"]
[WhiteFideId "2200325"]
[BlackFideId "2015056"]
[WhiteElo "2523"]
[BlackElo "2321"]
[Result "0-1"]
[Round "11"]
[TimeControl "180+2"]
[Date "2023.02.28"]
[WhiteClock "0:00:51"]
[BlackClock "0:01:26"]

1. Nf3 g6 2. d4 Bg7 3. c4 d6 4. g3 e5 5. dxe5 dxe5 6. Qxd8+ Kxd8 7. Nc3 c6 8. h4 h6 9. Bh3 Bxh3 10. Rxh3 Nd7 11. h5 g5 12. Rh1 f5 13. e4 f4 14. g4 Ngf6 15. Rg1 Nc5 16. Nd2 Kc7 17. Ke2 Rad8 18. b4 Nd3 19. Rb1 Rd7 20. f3 Rhd8 21. Rd1 a5 22. a3 axb4 23. axb4 Bf8 24. b5 Bb4 25. bxc6 bxc6 26. Nd5+ cxd5 27. Kxd3 dxe4+ 0-1


[Site "https://www.chess.com"]

[Event "Titled Tuesday Blitz February 28 Late 2023"]
[White "Chemin, Justo Reinaldo"]
[Black "Awoki, Daniel Teidi"]
[WhiteFideId "2101580"]
[BlackFideId "2100827"]
[WhiteElo "1940"]
[BlackElo "2083"]
[Result "0-1"]
[Round "11"]
[TimeControl "180+2"]
[Date "2023.02.28"]
[WhiteClock "0:00:13"]
[BlackClock "0:01:14"]

1. d4 Nf6 2. Nf3 d5 3. Bf4 e6 4. e3 Bd6 5. Bd3 c5 6. c3 O-O 7. Nbd2 Nc6 8. Bg3 b6 9. Ne5 Ne7 10. f4 Bb7 11. O-O Nf5 12. Qf3 Be7 13. Bf2 Nd6 14. g4 Nfe4 15. Rad1 Nxd2 16. Rxd2 Ne4 17. Bxe4 dxe4 18. Qg3 f6 19. Nc4 Ba6 20. b3 Qe8 21. f5 exf5 22. gxf5 Rd8 23. Rfd1 Bxc4 24. bxc4 Qa4 25. d5 Bd6 26. Qg4 Qxc4 27. Kh1 Qxc3 28. Bg3 Qxe3 29. Bxd6 Rxd6 30. Rg2 Rf7 31. Re2 Qf3+ 32. Qxf3 exf3 33. Re6 Rfd7 34. Rxd6 Rxd6 35. Kg1 g6 36. Kf2 Kf7 37. Kxf3 Ke7 38. fxg6 hxg6 39. Ke4 Rd8 40. h4 Kd6 41. Rg1 Rh8 42. Rh1 Re8+ 43. Kf4 Kxd5 44. Rg1 Re4+ 45. Kf3 Rxh4 46. Rxg6 Ra4 47. Rxf6 Rxa2 48. Rf7 Kc4 49. Ke4 Kb5 50. Kd3 a5 51. Kc3 Ra3+ 52. Kb2 Rh3 53. Rf8 Kb4 54. Rb8 b5 55. Rb7 Rh2+ 56. Kc1 c4 0-1


[Site "https://www.chess.com"]

[Event "Titled Tuesday Blitz February 28 Late 2023"]
[White "Vaglio Munoz, Jaime"]
[Black "Guimaraes, Wagner Peixoto"]
[WhiteFideId "6500145"]
[BlackFideId "2100940"]
[WhiteElo "2199"]
[BlackElo "2185"]
[Result "1-0"]
[Round "11"]
[TimeControl "180+2"]
[Date "2023.02.28"]
[WhiteClock "0:01:05"]
[BlackClock "0:00:01"]

1. e4 c5 2. a3 g6 3. b4 Bg7 4. Nc3 cxb4 5. axb4 d6 6. Nf3 Nf6 7. b5 O-O 8. Bc4 Bg4 9. h3 Bxf3 10. Qxf3 Nbd7 11. O-O Nc5 12. d4 Ne6 13. Rd1 Rc8 14. Bb3 Rxc3 15. Qxc3 Nxe4 16. Qe3 d5 17. c4 Qb6 18. cxd5 Nxd4 19. Qxe4 Nxb3 20. Be3 Qxb5 21. Rab1 a5 22. Qxe7 Re8 23. Qa3 a4 24. d6 Qd7 25. Rxb3 axb3 26. Qxb3 Bf8 27. Bc5 Rd8 28. Qd5 Qc6 29. Qd4 b6 30. Bb4 Rd7 31. h4 Bg7 32. Qe3 h5 33. Qe8+ Kh7 34. Qe2 Rd8 35. Qd3 Rd7 36. Kf1 Qc8 37. Qd2 Qd8 38. Rc1 Qxh4 39. Rc7 Qh1+ 40. Ke2 Rd8 41. d7 Qxg2 42. Qe3 Qg4+ 43. f3 Qg2+ 44. Qf2 1-0


[Site "https://www.chess.com"]

[Event "Titled Tuesday Blitz February 28 Late 2023"]
[White "Quirke, Jeffrey"]
[Black "Davidson, Kevin"]
[WhiteFideId "2013029"]
[BlackFideId "2056810"]
[WhiteElo "2204"]
[BlackElo "2151"]
[Result "0-1"]
[Round "11"]
[TimeControl "180+2"]
[Date "2023.02.28"]
[WhiteClock "0:00:12"]
[BlackClock "0:01:33"]

1. e4 c5 2. Nc3 a6 3. f4 b5 4. d3 Bb7 5. g3 e6 6. Bg2 Nf6 7. Nf3 b4 8. Ne2 d5 9. e5 Nfd7 10. O-O Nc6 11. c3 bxc3 12. bxc3 a5 13. h4 Be7 14. h5 h6 15. g4 Ba6 16. Be3 Rb8 17. Rb1 O-O 18. Qd2 Qc7 19. Rfc1 Rxb1 20. Rxb1 Rb8 21. Rxb8+ Qxb8 22. Ng3 Qb1+ 23. Kh2 Bxd3 24. g5 hxg5 25. fxg5 Ndxe5 26. Nxe5 Nxe5 27. Bh3 Nf3+ 0-1


[Site "https://www.chess.com"]

[Event "Titled Tuesday Blitz February 28 Late 2023"]
[White "Osmonbekov, Talaibek"]
[Black "Khatena, Moshe"]
[WhiteFideId "2017253"]
[BlackFideId "2010461"]
[WhiteElo "2135"]
[BlackElo "2149"]
[Result "1-0"]
[Round "11"]
[TimeControl "180+2"]
[Date "2023.02.28"]
[WhiteClock "0:01:54"]
[BlackClock "0:01:12"]

1. d4 Nf6 2. Bf4 d6 3. Nc3 Nbd7 4. Nf3 g6 5. e4 Bg7 6. Qd2 O-O 7. O-O-O Ng4 8. h3 e5 9. hxg4 exf4 10. Qxf4 Nf6 11. g5 Nh5 12. Qh4 h6 13. g4 hxg5 14. Nxg5 Bf6 15. f4 Re8 16. gxh5 Bxg5 17. fxg5 1-0


[Site "https://www.chess.com"]

[Event "Titled Tuesday Blitz February 28 Late 2023"]
[White "Senft, Sean"]
[Black "Bongo Akanga Ndjila, Barthelemy"]
[WhiteFideId "2044960"]
[BlackFideId "10609431"]
[WhiteElo "1989"]
[BlackElo "1768"]
[Result "1-0"]
[Round "11"]
[TimeControl "180+2"]
[Date "2023.02.28"]
[WhiteClock "0:02:01"]
[BlackClock "0:01:34"]

1. e4 e6 2. d4 d5 3. exd5 exd5 4. Bd3 Nf6 5. Nf3 Bd6 6. O-O O-O 7. Nc3 Bg4 8. h3 Bh5 9. Bg5 c6 10. Kh1 Nbd7 11. Qd2 Qc7 12. Ne2 Bxf3 13. gxf3 Nh5 14. Rg1 Kh8 15. Rg4 f6 16. Be3 f5 17. Rh4 g6 18. Rg1 f4 19. Bxg6 hxg6 20. Rxg6 Rf5 21. Qd3 Raf8 22. Rh6+ Kg7 23. R4xh5 Rxh5 24. Qh7# 1-0


[Site "https://www.chess.com"]

[Event "Titled Tuesday Blitz February 28 Late 2023"]
[White "Chabris, Christopher"]
[Black "Vanek, Tomas"]
[WhiteFideId "2005263"]
[BlackFideId "313459"]
[WhiteElo "2231"]
[BlackElo "2052"]
[Result "0-1"]
[Round "11"]
[TimeControl "180+2"]
[Date "2023.02.28"]
[WhiteClock "0:00:12"]
[BlackClock "0:00:43"]

1. e4 c5 2. Nf3 Nc6 3. Bb5 g6 4. Bxc6 dxc6 5. d3 Bg7 6. h3 Nh6 7. Nc3 f6 8. Be3 b6 9. Qd2 Nf7 10. O-O e5 11. a3 Be6 12. b4 c4 13. Qe2 cxd3 14. cxd3 O-O 15. Nh2 f5 16. exf5 gxf5 17. Rac1 Rc8 18. Nf3 f4 19. Bd2 Nd6 20. Nxe5 Bxh3 21. Qh5 Bxg2 22. Rfe1 Rf5 23. Qg4 Rg5 24. Qe6+ Kh8 25. Qxd6 Bf3+ 26. Kf1 Rg1+ 27. Kxg1 Qg5+ 0-1


[Site "https://www.chess.com"]

[Event "Titled Tuesday Blitz February 28 Late 2023"]
[White "Kujawski, Adam"]
[Black "Marcolino, Daniel Mattos"]
[WhiteFideId "1100920"]
[BlackFideId "2106841"]
[WhiteElo "2054"]
[BlackElo "2120"]
[Result "1-0"]
[Round "11"]
[TimeControl "180+2"]
[Date "2023.02.28"]
[WhiteClock "0:01:10"]
[BlackClock "0:00:30"]

1. e4 c6 2. d4 d5 3. f3 e6 4. Nc3 Bb4 5. e5 Ne7 6. a3 Bxc3+ 7. bxc3 c5 8. f4 cxd4 9. cxd4 Nbc6 10. Nf3 Nf5 11. c3 Qa5 12. Bd2 Qc7 13. Bd3 Nce7 14. O-O h5 15. a4 Bd7 16. a5 O-O 17. Qb3 b6 18. Rfb1 Rab8 19. Qa3 b5 20. g3 a6 21. Kf2 Rfc8 22. h3 g6 23. g4 Ng7 24. Qxe7 1-0


[Site "https://www.chess.com"]

[Event "Titled Tuesday Blitz February 28 Late 2023"]
[White "Ricaurte Lopez, Juan Carlos"]
[Black "Skaric, Djuro"]
[WhiteFideId "3600327"]
[BlackFideId "934569"]
[WhiteElo "2209"]
[BlackElo "2282"]
[Result "1-0"]
[Round "11"]
[TimeControl "180+2"]
[Date "2023.02.28"]
[WhiteClock "0:00:15"]
[BlackClock "0:01:08"]

1. e4 d6 2. d4 g6 3. Nc3 Bg7 4. Be3 Nf6 5. Qd2 Nc6 6. f3 h5 7. O-O-O a6 8. Nge2 e5 9. dxe5 Nxe5 10. Nf4 O-O 11. Nfd5 Nxd5 12. Nxd5 b5 13. h3 Be6 14. f4 Nc6 15. Be2 Bxd5 16. exd5 Qf6 17. c3 Na5 18. g4 h4 19. Bd4 Qe7 20. Bxg7 Kxg7 21. Rhe1 Rfe8 22. Bxb5 axb5 23. Rxe7 Rxe7 24. Re1 Rxe1+ 25. Qxe1 Nc4 26. a3 Nb6 27. Qe3 Kf8 28. Qd4 Re8 29. f5 Re5 30. fxg6 fxg6 31. Qf2+ Kg7 32. Qxh4 Nxd5 33. g5 Ne7 34. Qh6+ Kf7 35. Qh7+ Ke6 36. Qg7 Kf5 37. Qf6+ Ke4 38. Kd2 Nd5 39. Qxg6+ Kf3 40. h4 Nf4 41. Qf7 Kg4 42. g6 Re1 43. g7 Re2+ 44. Kd1 1-0


[Site "https://www.chess.com"]